 Dungeon Crawl Stone Soup version 0.30-a0-297-g0ec75d9ef4 (webtiles) character file.

Game seed: 15522249160177626607

196 lonewolfV2 the Chopper (level 5, -1/47 HPs)
             Began as a Hill Orc Fighter on Oct 19, 2022.
             Slain by a gnoll
             ... wielding a +0 whip
              (3 damage)
             ... on level 3 of the Dungeon.
             The game lasted 00:04:03 (2243 turns).

lonewolfV2 the Chopper (Hill Orc Fighter)           Turns: 2243, Time: 00:04:04

Health: -1/47      AC:  7    Str: 18 (21) XL:     5   Next: 74%
Magic:  5/5        EV:  5    Int:  5 (8)  God:
Gold:   113        SH:  0    Dex:  7 (10) Spells: 4/4 levels left

rFire   . . .      SeeInvis .    a - +1 war axe
rCold   . . .      Faith    .    c - +0 buckler
rNeg    . . .      Spirit   .    b - +0 scale mail
rPois   .          Reflect  .    (no helmet)
rElec   .          Harm     .    (no cloak)
rCorr   .          Rampage  .    (no gloves)
Will    .....                    (no boots)
Stlth   ..........               (no amulet)
HPRegen 0.27/turn                (no ring)
MPRegen 0.09/turn                (no ring)

@: mighty, held
A: no striking features
a: no special abilities


You were on level 3 of the Dungeon.
You visited 1 branch of the dungeon, and saw 3 of its levels.

You collected 113 gold pieces.

Inventory:

Hand Weapons
 a - a +1 war axe (weapon)
Armour
 b - a +0 scale mail (worn)
 c - a +0 buckler (worn)
Jewellery
 i - a ring of magical power
 k - the amulet "Myselaas" {RegenMP Rampage Fly rElec rPois}
   (You found it on level 2 of the Dungeon)

   [amulet of magic regeneration]

   It increases your rate of magic regeneration.
   rElec:     It insulates you from electricity.
   rPois:     It protects you from poison.
   Fly:       It grants you flight.
   Rampage:   It bestows one free step when moving towards enemies.
Scrolls
 e - a scroll of noise {unknown}
 f - a scroll of enchant weapon
 g - 2 scrolls of identify {unknown}
 h - a scroll of teleportation {unknown}


   Skills:
 + Level 4.5 Fighting
 + Level 5.3 Axes
 + Level 4.2 Armour
 + Level 0.7 Dodging
 + Level 0.3 Stealth
 + Level 3.6 Shields


You had 4 spell levels left.
You didn't know any spells.
Your spell library contained the following spells:

 Spells                   Type           Power      Damage    Failure   Level
 Apportation              Tloc           0%         N/A       91%         1
 Necrotise                Necr           0%         1d4       91%         1
 Summon Small Mammal      Summ           0%         N/A       91%         1
 Ensorcelled Hibernation  Hex/Ice        0%         N/A       97%         2
 Passwall                 Tmut/Erth      0%         N/A       97%         2
 Swiftness                Air            0%         N/A       99%         3


Dungeon Overview and Level Annotations

Branches:
Dungeon (3/15)

Altars:
Zin


Message History

A rat is nearby!
A gnoll comes into view. It is wielding a +0 whip.
The gnoll shouts!
A gnoll comes into view. It is wielding a +0 flail.
A gnoll comes into view. It is wielding a +0 whip.
A gnoll comes into view. It is wielding a +0 spear.
The gnoll shouts!
You slash the rat!
You kill the rat!
The gnoll throws a throwing net.
The throwing net hits you.
You become entangled in the net!
You see here a throwing net.
You struggle against the net.
You struggle against the net.
You struggle against the net.
The gnoll hits you with a +0 whip.
You struggle against the net.
The gnoll barely misses you. The gnoll hits you with a +0 whip.
The gnoll hits you but does no damage.
You struggle against the net.
The gnoll barely misses you.
The gnoll hits you from afar with a +0 spear.
The gnoll hits you with a +0 flail!
You struggle against the net.
The gnoll hits you with a +0 whip. The gnoll hits you with a +0 whip!
The gnoll hits you from afar with a +0 spear.
* * * LOW HITPOINT WARNING * * *
The gnoll hits you with a +0 flail.
* * * LOW HITPOINT WARNING * * *
Okay, then.
It was a potion of degeneration.
There was something very wrong with that liquid.
You feel weakened.
You feel dopey.
You feel clumsy. The gnoll hits you with a +0 whip.
* * * LOW HITPOINT WARNING * * *
The gnoll hits you but does no damage.
The gnoll hits you from afar with a +0 spear.
* * * LOW HITPOINT WARNING * * *
The gnoll hits you with a +0 flail.
* * * LOW HITPOINT WARNING * * *
You feel very mighty all of a sudden. The gnoll hits you with a +0 whip.
You die...

.#....# .#....# #.#.#!.##
##.# .#....#####.......
.... ##...... ..##...#
..... #.#...#
#.##...###.....
#.#...#####.#............
...†.....................
..#...#####.#...g........
..#...##......†.@.g......
..#.............gg.......
..#...##.##.#)##.........
..###............####...#
...##.#..##.#.#... ###
#..##.#..##.#.#.....
|..##.#..##.#.#..###
##.##.#..##.#.#..#
##.##.#.###.#.#


You could see 4 gnolls.

Vanquished Creatures
  A scorpion (D:3)
  Natasha (D:2)
  4 gnolls
  2 adders (D:3)
  A worm (D:3)
  2 dart slugs
  6 bats
  8 endoplasms
  4 giant cockroaches
  6 goblins
  2 hobgoblins
  5 kobolds
  2 quokkas (D:2)
  A ball python (D:2)
  4 rats
49 creatures vanquished.

Notes
Turn   | Place    | Note
-------+----------+-------------------------------------------
     0 | D:1      | lonewolfV2 the Hill Orc Fighter began the quest for the
                  | Orb.
     0 | D:1      | Reached XP level 1. HP: 19/19 MP: 1/1
   170 | D:1      | Reached XP level 2. HP: 16/27 MP: 2/2
   502 | D:1      | Reached skill level 3 in Axes
   539 | D:1      | Reached XP level 3. HP: 33/33 MP: 3/3
  1071 | D:2      | Found a faded altar of an unknown god.
  1293 | D:2      | Found a glowing silver altar of Zin.
  1658 | D:2      | Identified the amulet "Myselaas" {RegenMP Rampage Fly rElec
                  | rPois}
  1705 | D:2      | Noticed Natasha
  1709 | D:2      | Killed Natasha
  1710 | D:2      | Reached XP level 4. HP: 41/41 MP: 4/4
  1832 | D:3      | Reached skill level 4 in Axes
  1874 | D:3      | Reached XP level 5. HP: 30/47 MP: 5/5
  2230 | D:3      | Reached skill level 5 in Axes
  2242 | D:3      | HP: 2/47 [gnoll/+0 flail (3)]
  2243 | D:3      | Slain by a gnoll

Illustrated notes

Levels and vault maps discovered:
D:1:      ncdulo_lavacross, layout_basic, minmay_octomino_e4
D:2:      layout_basic, basic_ecumenical_altar, basic_altar, uniq_natasha
D:3:      kb_forest_paths, layout_basic, ebering_ghost_reflecting_pool,
          hangedman_decor_opposing, uniq_crazy_yiuf_cottage

Skill      XL: |  1  2  3  4  5 |
---------------+----------------+-----
Axes           | 3 4 5 |  5.3
Fighting       | 4 |  4.5
Armour         | 4 |  4.2
Dodging        | |  0.7
Stealth        | |  0.3
Shields        | |  3.6

Action                   |  1- 3 |  4- 6 || total
-------------------------+-------+-------++-------
Melee: War axe           |    80 |    36 ||   116
  Use: Scroll            |     2 |       ||     2
       Potion            |       |     2 ||     2
Armor: Scale mail        |    43 |    14 ||    57
Dodge: Dodged            |    46 |    11 ||    57
Block: Buckler           |    17 |    13 ||    30

Table legend: (Time is in decaauts)
 A = Elapsed time spent in this place.
 B = Non-inter-level travel time spent in this place.
 C = Inter-level travel time spent in this place.
 D = Time resting spent in this place.
 E = Time spent auto-exploring this place.
 F = Levels seen in this place.
 G = Mean time per level.
                   A        B        C        D        E       F      G
               +--------+--------+--------+--------+--------+-----+--------+
         Total |   2285 |   2269 |     16 |    515 |   1218 |   3 |  761.7 |
       Dungeon |   2285 |   2269 |     16 |    515 |   1218 |   3 |  761.7 |
               +--------+--------+--------+--------+--------+-----+--------+

Top non-repeatable levels by time:
     D:1: 1069 daAuts
     D:2: 777 daAuts
     D:3: 437 daAuts
